 Dungeon Crawl Stone Soup version 0.29.0-4-gdea44cf6ec (webtiles) character file.

Game seed: 5679977973304527272

369 qw the Chopper (level 6, -2/35 HPs)
             Began as a Tengu Warper on Aug 29, 2022.
             Slain by a lemure (5 damage)
             ... led by Pikel
             ... on level 4 of the Dungeon.
             The game lasted 00:00:26 (3949 turns).

qw the Chopper (Tengu Warper)                       Turns: 3949, Time: 00:00:27

Health: -2/35      AC: 11    Str: 13    XL:     6   Next: 70%
Magic:  10/10      EV:  7    Int: 13    God:
Gold:   101        SH:  0    Dex: 14    Spells: 9/9 levels left

rFire   . . .      SeeInvis +   b - +0 hand axe (spect)
rCold   + . .      Faith    .   (no shield)
rNeg    . . .      Spirit   .   i - +0 chain mail
rPois   .          Reflect  .   (helmet restricted)
rElec   .          Harm     .   n - +2 cloak
rCorr   .          Rampage  .   (no gloves)
Will    .....                   (boots unavailable)
Stlth   ..........              (no amulet)
HPRegen 0.11/turn               g - ring of see invisible
MPRegen 0.12/turn               e - ring of protection from cold

@: flying quickly and evasively, quick
A: beak, talons 3, nimble flight
a: no special abilities


You were on level 4 of the Dungeon.
You visited 1 branch of the dungeon, and saw 4 of its levels.

You collected 101 gold pieces.


Innate Abilities, Weirdness & Mutations

You have a beak for a mouth.
You have claws for feet.
Your magical nature lets you fly swiftly and evasively.


   Skills:
 + Level 2.0 Fighting
 - Level 7.3 Axes
 - Level 1.0 Throwing
 - Level 2.0 Armour
 - Level 2.1 Dodging
 - Level 2.0 Spellcasting
 - Level 2.4 Translocations


You had 9 spell levels left.
You didn't know any spells.
Your spell library contained the following spells:

 Spells                   Type           Power      Damage    Failure   Level
 Blink                    Tloc           14%        N/A       99%         2
 Gell's Gravitas          Tloc           7%         N/A       100%        3
 Lesser Beckoning         Tloc           7%         N/A       100%        3
 Teleport Other           Tloc           7%         N/A       100%        3
 Manifold Assault         Tloc           7%         N/A       100%        5

Inventory:

Hand Weapons
 b - a +0 spectral hand axe (weapon)
 c - a +0 flail
Armour
 f - the +2 ring mail of Day {Harm rF+ Will+ Stlth-}
   (You found it on level 2 of the Dungeon)

   rF:        It protects you from fire.
   Harm:      It increases damage dealt and taken.
   Will:      It increases your willpower.
   Stlth:     It makes you less stealthy.
 i - a +0 chain mail (worn)
 n - a +2 cloak (worn)
Jewellery
 e - a ring of protection from cold (right hand)
 g - a ring of see invisible (left hand)
 j - a ring of willpower
 Y - a ring of protection from fire
Scrolls
 k - 2 scrolls of enchant armour
Potions
 a - a potion of resistance {unknown}
 h - a potion of curing {unknown}
 l - a potion of heal wounds {unknown}

Dungeon Overview and Level Annotations

Branches:
Dungeon (4/15)
 Temple: D:4-7

Altars:

Annotations:
D:4 Pikel


Message History

Done exploring.
(D) Dungeon
Where to? (* - list waypoints, Enter - D:4, ? - help)
What level of the Dungeon? (default 1, ? - help)
You fly downwards.
Level annotation: Pikel The lemure hits you but does no damage.
Pikel hits you with a +2 whip of electrocution.
You are electrocuted!
There is a stone staircase leading up, spattered with blood here.
You barely miss Pikel. You claw Pikel, but do no damage.
You barely miss the lemure.
Your +0 spectral hand axe hits the lemure!
The lemure hits you but does no damage.
Pikel hits you with a +2 whip of electrocution!
You hit the lemure but do no damage. You claw the lemure, but do no damage.
The lemure is moderately wounded.
You completely miss Pikel. Pikel closely misses you. The lemure hits you.
You closely miss the lemure. Your kick misses the lemure.
The lemure is moderately wounded.
You miss Pikel. The lemure barely misses you.
Pikel hits you but does no damage.
You hit the lemure. You claw the lemure, but do no damage.
The lemure is moderately wounded.
You hit Pikel but do no damage. Pikel hits you but does no damage.
The lemure hits you.
You barely miss the lemure. Your kick misses the lemure.
The lemure is moderately wounded.
You closely miss Pikel. The lemure hits you but does no damage.
Pikel barely misses you.
You hit the lemure. You claw the lemure.
The lemure is heavily wounded.
You barely miss Pikel. The lemure barely misses you. Pikel barely misses you.
You miss the lemure.
The lemure is heavily wounded.
You closely miss Pikel. The lemure hits you.
You die...

.# .. .#
... .# ..$.
# .##....
#. .......
.. .......
#.##5......
#.K@(..#
#.##...# #
...# ...#
..## ..#
..# ..#


You could see Pikel, a lemure and a friendly +0 spectral hand axe (summoned).

Vanquished Creatures
  Eustachio (D:3)
  3 lemures (D:3)
  An orc priest (D:3)
  3 gnolls (D:3)
  5 adders
  A worm (D:3)
  5 orcs (D:3)
  7 endoplasms
  7 giant cockroaches
  4 hobgoblins
  14 jackals
  8 quokkas
  4 ball pythons
  12 bats
  5 frilled lizards
  11 goblins
  4 kobolds
95 creatures vanquished.

Notes
Turn   | Place    | Note
-------+----------+-------------------------------------------
     0 | D:1      | qw the Tengu Warper began the quest for the Orb.
     0 | D:1      | Reached XP level 1. HP: 12/12 MP: 4/4
     0 | D:1      | Noticed a merfolk
     0 | D:1      | 0 ||| qw: Version: 0.1-a-89-g26bdef1
     0 | D:1      | 0 ||| qw: Game counter: 3516
     0 | D:1      | 0 ||| qw: Always use a shield: true
     0 | D:1      | 0 ||| qw: God list: Okawaru
     0 | D:1      | 0 ||| qw: Allow faded altars: false
     0 | D:1      | 0 ||| qw: Do Orc after D:15 true
     0 | D:1      | 0 ||| qw: Do second Lair branch before Depths: true
     0 | D:1      | 0 ||| qw: Lair rune preference: random
     0 | D:1      | 0 ||| qw: Plans: Normal
     0 | D:1      | 0 ||| PLANNING D:1-11
     2 | D:1      | Noticed an ogre
     4 | D:1      | Noticed a spriggan
     4 | D:1      | Noticed a felid
     6 | D:1      | Noticed a dwarf
     7 | D:1      | Noticed a demonspawn
     8 | D:1      | Noticed a spriggan
    11 | D:1      | Noticed a formicid
    11 | D:1      | Noticed an octopode
    13 | D:1      | Noticed a naga
    15 | D:1      | Noticed a troll
    17 | D:1      | Noticed a demigod
    17 | D:1      | Noticed a minotaur
    19 | D:1      | Noticed a barachi
    21 | D:1      | Noticed a dwarf
    55 | D:1      | 55 ||| Stepping ~*~*~tactically~*~*~ (stealth).
   222 | D:1      | Reached XP level 2. HP: 9/17 MP: 6/6
   225 | D:1      | HP: 4/17 [poisoned by a goblin]
   228 | D:1      | HP: 1/17 [poisoned by a goblin]
   582 | D:1      | Reached skill level 3 in Axes
   937 | D:1      | Reached XP level 3. HP: 15/21 MP: 7/7
  1102 | D:1      | Reached skill level 4 in Axes
  1691 | D:1      | 1691 ||| UPGRADING to +0 chain mail.
  1701 | D:1      | 1701 ||| DROPPING +0 leather armour.
  1702 | D:1      | 1702 ||| UPGRADING to +2 cloak.
  1707 | D:1      | 1707 ||| UPGRADING to ring of protection from fire.
  1708 | D:1      | 1708 ||| UPGRADING to ring of protection from cold.
  1709 | D:1      | 1709 ||| READING scroll labelled TUDEREETHRA.
  1710 | D:1      | 1710 ||| READING 3 scrolls labelled SYRAYPY VAGOMU.
  1711 | D:1      | 1711 ||| READING scroll labelled COEG RIESKAFA.
  1712 | D:1      | 1712 ||| READING scroll labelled COMAUKHIZXI.
  1713 | D:1      | 1713 ||| DROPPING scroll of blinking.
  1714 | D:1      | 1714 ||| Stepping randomly (stuck).
  1715 | D:1      | 1715 ||| Stepping ~*~*~tactically~*~*~ (cloud).
  1720 | D:1      | HP: 5/21 [poisoned by you (poison gas)]
  1976 | D:2      | Found a faded altar of an unknown god.
  1980 | D:2      | 1980 ||| STAIRDANCE
  2022 | D:2      | 2022 ||| DROPPING +0 club.
  2090 | D:2      | Identified the +2 ring mail of Day {Harm rF+ Will+ Stlth-}
  2157 | D:2      | 2157 ||| DROPPING +1 ring mail of willpower.
  2158 | D:2      | 2158 ||| READING scroll labelled PYKYPP GICOICW.
  2159 | D:2      | 2159 ||| Stepping randomly (stuck).
  2160 | D:2      | 2160 ||| Stepping randomly (stuck).
  2161 | D:2      | 2161 ||| Stepping randomly (stuck).
  2162 | D:2      | 2162 ||| Stepping randomly (stuck).
  2168 | D:2      | Reached XP level 4. HP: 26/26 MP: 8/8
  2210 | D:2      | 2210 ||| Stepping ~*~*~tactically~*~*~ (stealth).
  2295 | D:2      | Reached skill level 5 in Axes
  2433 | D:2      | 2433 ||| READING scroll labelled CIETOD IFUIT.
  2434 | D:2      | 2434 ||| READING scroll labelled GANEOR FOSKAM.
  2435 | D:2      | 2435 ||| DRINKING 2 sedimented silvery potions.
  2436 | D:2      | 2436 ||| DRINKING 2 emerald potions.
  2437 | D:2      | 2437 ||| DROPPING potion of flight.
  2438 | D:2      | 2438 ||| DROPPING potion of degeneration.
  2483 | D:3      | 2483 ||| PLANNING SEWER
  2496 | D:3      | 2496 ||| Stepping ~*~*~tactically~*~*~ (stealth).
  2499 | D:3      | 2499 ||| Stepping ~*~*~tactically~*~*~ (stealth).
  2519 | D:3      | 2519 ||| Stepping ~*~*~tactically~*~*~ (stealth).
  2750 | D:3      | 2750 ||| DROPPING +0 whip.
  2790 | D:3      | Gained mutation: Your magical nature lets you fly swiftly
                  | and evasively. [Tengu growth]
  2790 | D:3      | Reached XP level 5. HP: 30/30 MP: 9/9
  2983 | D:3      | 2983 ||| Stepping ~*~*~tactically~*~*~ (stealth).
  2987 | D:3      | 2987 ||| FLEEEEING.
  2988 | D:3      | 2988 ||| STAIRDANCE
  3012 | D:3      | 3012 ||| STAIRDANCE
  3109 | D:3      | 3109 ||| Stepping ~*~*~tactically~*~*~ (stealth).
  3152 | D:3      | 3152 ||| RIP SEWER
  3154 | D:3      | 3154 ||| PLANNING D:1-11
  3164 | D:3      | Reached skill level 6 in Axes
  3639 | D:3      | 3639 ||| UPGRADING to ring of see invisible.
  3645 | D:4      | Noticed Eustachio
  3645 | D:4      | Noticed a lemure
  3645 | D:4      | Noticed a lemure
  3647 | D:4      | Noticed a lemure
  3648 | D:4      | 3648 ||| STAIRDANCE
  3658 | D:3      | Killed Eustachio
  3659 | D:3      | Reached skill level 7 in Axes
  3659 | D:3      | Reached XP level 6. HP: 22/35 MP: 10/10
  3773 | D:4      | 3773 ||| STAIRDANCE
  3915 | D:4      | Noticed Pikel
  3916 | D:4      | 3916 ||| STAIRDANCE
  3944 | D:4      | HP: 4/35 [lemure[Pikel] (6)]
  3949 | D:4      | Slain by a lemure

Levels and vault maps discovered:
D:1:      shiori_arrival_whats_in_store_for_you, layout_basic
D:2:      layout_rooms, basic_ecumenical_altar, minmay_pentomino_s4
D:3:      layout_loops_ring, gup_sewer_entry_pipe, kennysheep_generic_room_3
D:4:      layout_basic, evilmike_ruin_ashenzari, minmay_temple_entry_glass,
          serial_curves, eino_curves_02, eino_curves_03, minmay_misc_feat_room,
          uniq_menkaure, uniq_eustachio, uniq_pikel

Skill      XL: |  1  2  3  4  5 |
---------------+----------------+-----
Axes           | 3 4 5 7 |  7.3
Armour         | 2 |  2.0
Fighting       | |  2.0
Throwing       | |  1.0
Dodging        | |  2.1
Spellcasting   | |  2.0
Translocations | |  2.4

Action                   |  1- 3 |  4- 6 || total
-------------------------+-------+-------++-------
Melee: Hand axe          |    96 |   112 ||   208
       Kick              |    17 |    29 ||    46
       Peck              |    14 |    12 ||    26
       Punch             |     1 |     1 ||     2
Throw: Boomerang         |     7 |       ||     7
  Use: Scroll            |     5 |     2 ||     7
       Potion            |       |     2 ||     2
 Stab: Distracted        |       |     1 ||     1
Armor: Leather armour    |    26 |       ||    26
       Chain mail        |    15 |    52 ||    67
Dodge: Dodged            |    71 |    35 ||   106

Table legend:
 A = Non-vault XP
 B = Vault XP
 C = Vault XP percentage of total XP
 D = Non-vault monster count
 E = Vault monster count
 F = Vault count percentage of total count
                 A         B        C        D         E       F
            +---------+---------+-------+---------+---------+-------
      Total |     273 |     255 |  48.3 |      79 |      13 |  14.1
            +---------+---------+-------+---------+---------+-------
        D:1 |      61 |       0 |   0.0 |      35 |       0 |   0.0
        D:2 |      50 |      19 |  27.5 |      16 |       4 |  20.0
        D:3 |     162 |     236 |  59.3 |      28 |       9 |  24.3
            +---------+---------+-------+---------+---------+-------
